 Dungeon Crawl Stone Soup version 0.17.1-1-g73c8601 (webtiles) character file.

394 Andry07 the Shield-Bearer (level 6, 0/33 HPs)
             Began as a Vine Stalker Fighter on Dec 31, 2015.
             Slain by an ogre
             ... wielding a +0 giant spiked club
              (9 damage)
             ... on level 4 of the Dungeon.
             The game lasted 00:04:42 (2273 turns).

Andry07 the Shield-Bearer (Vine Stalker Fighter)    Turns: 2273, Time: 00:04:42

Health: 0/33       AC:  6    Str: 20    XL:     6   Next: 82%
Magic:  0/7        EV:  7    Int:  8    God:
Gold:   127        SH: 10    Dex: 14    Spells: 0 memorised, 5 levels left

rFire  . . .     SeeInvis .     a - +0 long sword
rCold  . . .     Clarity  .     b - +0 scale mail
rNeg   . . .     SustAt   .     c - +0 shield
rPois  .         Gourm    .     (no helmet)
rElec  .         Spirit   +     (no cloak)
rCorr  .         Warding  .     (no gloves)
rMut   .         Stasis   .     (no boots)
MR     .....                    (no amulet)
Stlth  ..........               (no ring)
                                (no ring)

@: not resistant to hostile enchantments, extremely unstealthy
A: fangs 2, regeneration 2, magic shield, antimagic bite, no device heal 3, rot
immunity
a: no special abilities


You were on level 4 of the Dungeon.
You were not hungry.

You visited 1 branch of the dungeon, and saw 4 of its levels.

You collected 127 gold pieces.

Inventory:

Hand Weapons
 a - a +0 long sword (weapon)
Missiles
 q - a tomahawk (quivered)
Armour
 b - a +0 scale mail (worn)
 c - a +0 shield (worn)
Jewellery
 h - an uncursed ring of wizardry {unknown}
Scrolls
 f - a scroll of teleportation {unknown}
 j - a scroll of immolation {unknown}
 l - 2 scrolls of magic mapping {unknown}
 m - 2 scrolls of enchant weapon {unknown}
 n - a scroll of amnesia {unknown}
 r - a scroll of remove curse {unknown}
 s - 4 scrolls of identify {unknown}
 u - a scroll of noise {unknown}
Potions
 d - a potion of might
 g - a potion of haste {unknown}
 k - 3 potions of curing
 o - a potion of heal wounds {unknown}
 p - 2 potions of flight {unknown}
 t - a potion of poison {unknown}
 v - a potion of lignification {unknown}
Comestibles
 e - 3 bread rations
 i - 4 fruits
 w - a meat ration
 x - 6 chunks of flesh


   Skills:
 + Level 4.3 Fighting
 + Level 3.9 Long Blades
 - Level 2.4 Armour
 + Level 4.5 Shields


You had 5 spell levels left.
You didn't know any spells.

Dungeon Overview and Level Annotations

Branches:
Dungeon (4/15)
 Temple: D:4-7

Altars:

Shops:
D:4 (:


Innate Abilities, Weirdness & Mutations

You have extremely sharp teeth.
You heal very quickly.
When hurt, damage is shared between your health and your magic reserves.
Your bite disrupts and absorbs the magic of your enemies.
Potions and wands cannot restore your health.
You are immune to rotting.


Message History

An ogre is nearby!
Throwing (i - inventory):
q - 3 tomahawks (quivered)
Press: ? - help, Shift-Dir - straight line, f - ogre
Aim: an ogre, wielding a giant spiked club You throw a tomahawk.
The tomahawk hits the ogre.
The ogre is moderately wounded.
Throwing (i - inventory):
q - 2 tomahawks (quivered)
Press: ? - help, Shift-Dir - straight line, f/p - ogre
Aim: an ogre, wielding a giant spiked club (moderately wounded)
You throw a tomahawk. The tomahawk hits the ogre.
The ogre is heavily wounded.
You barely miss the ogre. You bite the ogre. You drain its power.
The ogre is heavily wounded.
The ogre hits you with a giant spiked club!!
Ouch! That really hurt!
* * * LOW HITPOINT WARNING * * *
You slash the ogre!
The ogre is almost dead.
The ogre hits you with a giant spiked club!
You die...

≈≈≈≈≈≈≈≈≈≈≈....≈
######################''##
............#.).....#.)..#
...........((.).....#.)).#
............#########....#
.########..........#......
#..........'......
########..........#......
....(.(O@..#########....#
...........+ #....#
...........# #....#
############ ######


You could see an ogre.

Vanquished Creatures
  The ghost of SirMumm the Magician, an amateur DEWz (D:3)
  A scorpion (D:4)
  Robin (D:3)
  7 adders
  A gnoll (D:4)
  2 oozes (D:2)
  3 worms
  2 giant geckos
  2 giant cockroaches
  22 hobgoblins
  4 kobolds
  2 quokkas
  3 ball pythons
  7 bats
  6 giant newts
  28 goblins
  3 rats
95 creatures vanquished.

Notes
Turn   | Place    | Note
--------------------------------------------------------------
     0 | D:1      | Andry07 the Vine Stalker Fighter began the quest for the Orb.
     0 | D:1      | Reached XP level 1. HP: 11/11 MP: 2/2
   112 | D:1      | Reached XP level 2. HP: 16/16 MP: 3/3
   136 | D:1      | Reached skill level 3 in Fighting
   612 | D:2      | Reached XP level 3. HP: 20/20 MP: 4/4
   821 | D:2      | Reached XP level 4. HP: 19/24 MP: 3/5
   827 | D:2      | Found a faded altar to an unknown god.
  1530 | D:3      | Reached XP level 5. HP: 26/28 MP: 6/6
  1578 | D:3      | Noticed Robin
  1603 | D:3      | Killed Robin
  1700 | D:3      | Noticed SirMumm's ghost (amateur DEWz)
  1779 | D:3      | Killed SirMumm's ghost
  1779 | D:3      | Reached skill level 4 in Fighting
  1779 | D:3      | Gained mutation: You heal very quickly. [Vine Stalker growth]
  1779 | D:3      | Reached XP level 6. HP: 14/33 MP: 4/7
  2116 | D:4      | Found Ahuam's Weapon Emporium.
  2128 | D:4      | Found Nuwkon's Book Boutique.
  2273 | D:4      | Slain by an ogre

Action                   |  1- 3 |  4- 6 || total
-------------------------+-------+-------++-------
Melee: Long sword        |   112 |   229 ||   341
Throw: Tomahawk          |       |     2 ||     2
  Eat: Chunk             |       |     5 ||     5
